 Dungeon Crawl Stone Soup version 0.28.0-53-g5a82cb258f (webtiles) character file.

Game seed: 4051222754645508079

73 safid the Chopper (level 4, -5/40 HPs)
             Began as a Hill Orc Fighter on Aug 21, 2022.
             Slain by Grinder (7 damage)
             ... on level 3 of the Dungeon.
             The game lasted 00:02:22 (1769 turns).

safid the Chopper (Hill Orc Fighter)                Turns: 1769, Time: 00:02:23

Health: -5/40      AC:  7    Str: 20    XL:     4   Next: 27%
Magic:  4/4        EV:  9    Int:  8    God:
Gold:   59         SH:  6    Dex: 10    Spells: 3/3 levels left

rFire   . . .      SeeInvis .   a - +0 war axe
rCold   . . .      Faith    .   i - +2 buckler
rNeg    . . .      Spirit   .   b - +0 scale mail
rPois   .          Reflect  .   (no helmet)
rElec   .          Harm     .   (no cloak)
rCorr   .          Rampage  .   (no gloves)
Will    .....                   (no boots)
Stlth   ..........              (no amulet)
HPRegen 0.13/turn               (no ring)
MPRegen 0.09/turn               (no ring)

@: mighty
A: no striking features
a: no special abilities


You were on level 3 of the Dungeon.
You visited 1 branch of the dungeon, and saw 3 of its levels.

You collected 59 gold pieces.

Inventory:

Hand Weapons
 a - a +0 war axe (weapon)
Missiles
 c - 2 curare-tipped darts (quivered)
 k - 6 poisoned darts
Armour
 b - a +0 scale mail (worn)
 i - a +2 buckler (worn)
Scrolls
 e - a scroll of vulnerability {unknown}
 h - a scroll of enchant weapon {unknown}
 n - a scroll of teleportation {unknown}
Potions
 f - 2 potions of lignification {unknown}
 g - a potion of attraction {unknown}
 j - 2 potions of mutation {unknown}
 l - a potion of magic {unknown}
 m - a potion of curing {unknown}


   Skills:
 - Level 4.0 Fighting
 + Level 4.1 Axes
 - Level 4.0 Armour
 - Level 4.0 Shields


You had 3 spell levels left.
You didn't know any spells.
Your spell library contained the following spells:

 Spells                   Type           Power      Damage    Failure   Level
 Shock                    Conj/Air       0%         1d3       85%         1
 Swiftness                Air            0%         N/A       99%         3
 Airstrike                Air            0%         N/A       100%        4


Dungeon Overview and Level Annotations

Branches:
Dungeon (3/15)

Altars:

Annotations:
D:3 Grinder


Message History

You are too injured to fight recklessly!
You are too injured to fight recklessly!
You are too injured to fight recklessly!
You are too injured to fight recklessly!
You are too injured to fight recklessly!
You are too injured to fight recklessly!
You are too injured to fight recklessly!
You are too injured to fight recklessly!
You are too injured to fight recklessly!
You are too injured to fight recklessly!
You are too injured to fight recklessly!
You are too injured to fight recklessly!
You are too injured to fight recklessly!
Unknown command.
You feel very mighty all of a sudden. Grinder hits you.
You writhe in agony.
Unknown command.
You barely miss Grinder.
Grinder is lightly wounded.
You block Grinder's attack. Grinder hits you!
* * * LOW HITPOINT WARNING * * *
You closely miss Grinder.
Grinder is lightly wounded.
Grinder says, "I used to sell toenails on the black market."
Grinder blinks!
Grinder blinks!
Grinder gestures at you. You resist with significant effort.
Found a stone staircase leading up.
Grinder gestures at you.
You barely resist. You slash Grinder!
Grinder is moderately wounded.
Grinder hits you.
* * * LOW HITPOINT WARNING * * *
Unknown command.
You hit Grinder.
Grinder is heavily wounded.
Grinder hits you!
You die...

.## .... .. <...
###...##..#
...###...#.#...###
#.... ..........
#.... #.......#
##... #.......# .
#....##.......##.#
.#.5@...†.......#
........#.......#...
..#####...........#
#...#......#..
#..#...<......#
#.#>..###...###
#.##... .#....
#....### ..### ..#.#
#..


You could see Grinder.

Vanquished Creatures
  An adder (D:3)
  A worm (D:2)
  2 dart slugs
  5 ball pythons
  4 bats
  6 endoplasms
  2 giant cockroaches
  4 goblins
  10 hobgoblins
  4 jackals (D:1)
  6 kobolds
  2 quokkas
  A frilled lizard (D:1)
  A rat (D:1)
49 creatures vanquished.

Notes
Turn   | Place    | Note
-------+----------+-------------------------------------------
     0 | D:1      | safid the Hill Orc Fighter began the quest for the Orb.
     0 | D:1      | Reached XP level 1. HP: 19/19 MP: 1/1
    28 | D:1      | Reached XP level 2. HP: 14/27 MP: 2/2
   200 | D:1      | You fall into a shaft and drop 1 floor!
   312 | D:1      | Found a faded altar of an unknown god.
   427 | D:1      | Reached XP level 3. HP: 32/33 MP: 3/3
  1444 | D:2      | Reached XP level 4. HP: 40/40 MP: 4/4
  1743 | D:3      | Noticed Grinder
  1768 | D:3      | HP: 2/40 [Grinder (5)]
  1769 | D:3      | Slain by Grinder

Illustrated notes

Levels and vault maps discovered:
D:1:      roderic_chinese_lattice_arrival, layout_basic,
          shapermc_ecumenical_altar_flowoftime, minmay_stone_trees_medium
D:2:      layout_loops_ring
D:3:      layout_rooms, nicolae_hepliaklqana_hazy_memory, uniq_grinder

Skill      XL: |  1  2  3  4 |
---------------+-------------+-----
Axes           | 3 4 |  4.1
Fighting       | 4 |  4.0
Shields        | 4 |  4.0
Armour         | 4 |  4.0

Action                   |  1- 3 |  4- 6 || total
-------------------------+-------+-------++-------
Melee: War axe           |    88 |    27 ||   115
  Use: Potion            |       |     1 ||     1
Armor: Scale mail        |    43 |     9 ||    52
Dodge: Dodged            |    49 |    18 ||    67
Block: Buckler           |    20 |    12 ||    32
